Map: Galactic Process LE

Players

kenshiro - Winner!

  • Race: Terran Terran

Gracz

  • Race: Terran Terran
  • League: Silver

VOD

Have the link to the VOD?

Description

Time

  • Played on: Oct. 7, 2016, 7:33 p.m.
  • Length: 23:30
Show
View Real Time Build Order
Export as new Build Order

kenshiro Terran - Winner!

Build Orders:  

Get SALT Encoding   

  12  0:10  SCV  
  13  0:20  Supply Depot  
  13  0:22  SCV  
  14  0:38  SCV  
  15  0:46  Barracks  
  15  0:51  SCV  
  15  0:55  Refinery  
  16  1:03  SCV  
  17  1:07  Barracks  
  17  1:15  SCV  
  18  1:27  SCV  
  18  1:30  Supply Depot  
  19  1:35  Marine  
  19  1:39  SCV  
  21  1:51  SCV  
  22  2:00  Refinery  
  22  2:10  Factory  
  22  2:11  Orbital Command  
  22  2:13  Marine  
  23  2:16  Marine  
  24  2:31  Marine  
  24  2:33  Marine  
  24  2:34  Barracks  
  26  2:40  Engineering Bay  
  26  2:41  SCV  
  27  3:00  SCV  
  27  3:03  Marine x2  
  30  3:12  SCV  
  30  3:13  Factory Tech Lab  
  29  3:28  Marine x2  
  31  3:48  Terran Infantry Weapons Level 1  
  31  3:52  Armory  
  31  3:57  Supply Depot  
  31  4:19  Siege Tank, SCV  
  31  4:20  Supply Depot  
  34  4:39  Command Center  
  34  4:42  Supply Depot  
  34  4:44  Marine x2  
  36  4:51  Siege Tank  
  39  5:26  Engineering Bay  
  39  5:28  Supply Depot  
  39  5:32  Barracks Tech Lab, Barracks Reactor x2  
  39  5:41  Barracks  
  39  5:42  Terran Infantry Armor Level 1  
  39  5:45  Barracks  
  39  5:48  Barracks  
  39  5:51  Supply Depot  
  39  5:52  Barracks  
  39  5:57  Starport  
  39  5:59  Orbital Command  
  39  6:10  Missile Turret  
  39  6:53  SCV  
  40  6:56  SCV  
  40  6:57  Missile Turret  
  41  7:05  SCV  
  41  7:07  Barracks Reactor x4  
  43  7:08  SCV  
  42  7:18  SCV  
  42  7:20  SCV  
  35  7:26  Marine  
  35  7:27  Marine x4  
  38  7:30  SCV  
  38  7:32  SCV  
  40  7:39  Medivac  
  40  7:42  SCV  
  43  7:44  Marine, SCV  
  43  7:45  Marine x4  
  49  7:57  Siege Tank  
  52  8:02  Marine x4  
  52  8:03  Marine  
  57  8:08  Refinery  
  57  8:09  Medivac  
  59  8:23  SCV  
  58  8:35  SCV  
  59  8:47  SCV  
  58  8:53  Marine x13  
  71  8:59  SCV  
  72  9:10  Marine, Terran Infantry Weapons Level 2  
  72  9:11  Marine x12, SCV  
  86  9:33  Refinery  
  86  9:36  Terran Infantry Armor Level 2  
  86  9:47  Marine  
  86  9:48  Marine  
  86  9:49  Marine  
  86  9:50  Marine  
  86  10:02  Marine x3  
  86  10:42  Barracks  
  86  10:48  Starport Reactor  
  86  10:51  Command Center  
  86  10:54  Starport  
  86  11:08  Marine x7, SCV  
  86  11:09  Marine x5  
  99  11:18  Supply Depot  
  99  11:20  SCV  
  100  11:26  Marine x7  
  100  11:27  Marine x5, Stimpack  
  112  11:33  SCV  
  112  11:41  Supply Depot  
  112  11:44  Marine  
  112  11:45  SCV  
  114  11:49  Starport Reactor  
  114  11:50  Medivac x2  
  118  11:57  SCV  
  119  12:07  Missile Turret  
  119  12:08  Planetary Fortress  
  119  12:20  Medivac x2  
  123  12:28  Missile Turret  
  123  12:30  SCV  
  124  12:40  SCV  
  124  12:42  SCV  
  124  12:43  Terran Infantry Weapons Level 3  
  126  12:50  Medivac  
  128  12:57  SCV  
  129  13:05  Refinery  
  129  13:09  SCV  
  129  13:10  Refinery  
  130  13:14  Supply Depot  
  130  13:18  Barracks Reactor  
  130  13:27  Combat Shields  
  130  13:32  SCV  
  130  13:34  Marine x12  
  132  13:37  Supply Depot  
  132  13:38  Terran Infantry Armor Level 3  
  132  13:40  Medivac x2  
  132  13:41  Medivac  
  149  13:49  Medivac  
  149  13:51  Marine  
  149  13:52  Marine x4, SCV  
  157  13:59  Marine x7  
  164  14:04  SCV  
  164  14:09  Marine  
  165  15:06  Missile Turret  
  165  15:17  Marine x8  
  173  15:27  Supply Depot  
  173  15:32  Missile Turret  
  173  15:48  Marine x8  
  173  15:49  Supply Depot  
  181  15:50  Marine x3  
  181  15:52  Marine x3  
  151  16:06  Marine x8  
  151  16:08  Marine x3  
  151  16:10  Marine x3  
  148  16:24  Marine x8  
  154  16:26  Marine x3  
  154  16:28  Marine x3  
  158  16:42  Marine x8  
  158  16:44  Marine x3  
  158  16:46  Marine x3  
  172  16:59  Marine x8  
  180  17:01  Marine x3  
  180  17:03  Marine x3  
  180  17:04  Command Center  
  185  17:08  Command Center  
  185  17:17  Marine x4  
  189  17:34  Marine  
  189  18:16  Marine x11  
  200  18:50  Marine  
  200  18:58  Marine x2  
  176  19:08  Marine  
  175  19:16  Marine  
  169  19:18  Marine x12  
  181  19:25  Marine  
  181  19:30  Orbital Command  
  181  19:34  Marine  
  181  19:35  Marine  
  181  19:36  Marine x11  
  194  19:43  Marine  
  195  19:46  Orbital Command  
  195  19:52  Marine  
  196  19:53  Marine  
  196  19:54  Marine x3  
  196  20:01  Marine  
  196  20:10  Marine  
  168  20:59  Medivac x4  
  176  21:12  Refinery  
  176  21:15  Refinery  
  176  21:29  Medivac x4  
  184  21:58  Medivac  
  184  21:59  Medivac x3  
  192  22:28  Medivac  
  192  22:29  Medivac x2  
Show
View Real Time Build Order
Export as new Build Order

Gracz Terran 

Build Orders: Reaper Expand, MMM Bio 

Get SALT Encoding   

  12  0:03  SCV  
  13  0:15  SCV  
  13  0:20  Supply Depot  
  14  0:27  SCV  
  15  0:36  Refinery  
  15  0:38  Refinery  
  15  0:50  Barracks  
  15  1:09  SCV  
  16  1:12  Supply Depot  
  16  1:23  SCV  
  17  1:35  SCV  
  18  1:41  Barracks, Reaper  
  19  1:47  SCV  
  20  1:59  Orbital Command  
  20  2:09  Factory  
  20  2:44  Barracks Reactor  
  20  2:46  Barracks Tech Lab  
  20  2:49  Command Center  
  20  2:55  SCV  
  21  3:07  SCV  
  21  3:38  SCV  
  21  3:40  Starport  
  22  3:45  Starport  
  22  3:46  Stimpack  
  22  3:47  Factory Tech Lab  
  22  3:48  Barracks  
  22  3:52  Marine x3  
  25  4:01  Orbital Command  
  25  4:10  Marine  
  26  4:21  Medivac  
  26  4:23  Medivac  
  29  4:44  Barracks  
  29  4:46  Barracks Tech Lab  
  29  5:02  Refinery  
  29  5:04  SCV x2  
  29  5:06  Refinery  
  31  5:16  SCV x2  
  33  5:21  Marauder  
  33  5:22  Marauder  
  33  5:27  Widow Mine  
  39  5:28  SCV  
  39  5:32  SCV  
  41  5:40  SCV  
  42  5:43  Marauder x2  
  42  5:47  Barracks  
  46  5:57  Barracks Reactor  
  46  5:58  Supply Depot  
  46  6:20  SCV x2, Marauder x2  
  46  6:21  Supply Depot  
  52  6:32  SCV x2  
  50  6:40  Barracks Reactor  
  50  6:49  Siege Tank  
  50  6:51  Starport Reactor  
  50  6:52  Starport Reactor  
  50  6:53  Marine  
  54  6:54  Marine x5  
  59  7:11  Marine  
  59  7:12  Marine x2  
  59  7:14  Marine  
  62  7:16  Marine x2  
  57  7:29  Marine x3  
  58  7:33  Marine x2  
  62  7:44  Medivac x4  
  66  7:46  Supply Depot  
  70  8:00  Marine x4  
  74  8:14  Medivac  
  76  9:00  Marine  
  76  9:01  Marine x7  
  84  9:02  Medivac  
  86  9:24  Supply Depot  
  86  9:45  Marine x8, Medivac  
  86  9:46  Medivac x2  
  67  10:03  Marine  
  65  10:13  Widow Mine  
  67  10:17  Marauder  
  67  10:18  Marauder  
  71  10:31  Command Center  
  71  10:32  Marine x6, Command Center  
  77  10:38  Marauder  
  77  10:39  Combat Shields, Marauder  
  77  10:40  Concussive Shells  
  77  10:42  Widow Mine  
  83  10:49  Marine  
  84  11:00  Marauder x2  
  88  11:21  Marauder  
  88  11:22  Marauder  
  92  11:43  Marauder x2  
  94  12:03  Orbital Command  
  94  12:04  SCV x2  
  96  12:10  Supply Depot  
  96  12:12  Supply Depot  
  96  12:15  Widow Mine  
  96  12:16  SCV x2  
  96  12:17  Marine x8  
  96  12:19  Medivac x4  
  116  12:28  SCV x2  
  118  12:34  Marine  
  118  12:35  Marine x3  
  122  12:40  SCV x2  
  124  12:44  Widow Mine  
  124  12:52  SCV  
  124  12:53  SCV  
  126  13:08  Refinery  
  126  13:11  Refinery  
  126  13:12  Widow Mine  
  128  13:30  Marine  
  128  13:31  Marine x7  
  136  13:39  Orbital Command  
  136  13:41  Siege Tank  
  136  13:43  SCV  
  136  13:44  SCV x2  
  136  13:48  Marine  
  142  13:49  Marine x7  
  150  13:55  SCV  
  150  13:56  SCV x2  
  153  14:05  Supply Depot  
  153  14:06  Marine x3  
  153  14:07  SCV  
  153  14:08  SCV x2  
  159  14:10  Supply Depot  
  159  14:14  Siege Tank  
  162  14:20  SCV  
  161  14:46  Siege Tank, Marauder x2  
  168  15:08  Marauder x2  
  172  15:18  Siege Tank  
  173  15:29  Marauder  
  66  16:36  Medivac x4  
  66  16:37  Marine x4  
  66  16:38  Marine x4  
  82  16:47  Refinery  
  82  16:48  Refinery  
  82  16:55  Marine x8, Widow Mine  
  92  17:06  Medivac x4  
  100  17:12  Marine  
  100  17:13  Marine x7  
  84  17:23  Widow Mine  
  68  17:36  Medivac x4  
  64  17:52  Widow Mine  
  58  18:06  Medivac x2  
  62  18:20  Widow Mine  
  62  18:22  Marine  
  62  18:23  Marine x7  
  72  18:40  Marine x4  
  72  18:41  Marine x4  
  64  18:49  Widow Mine  
  66  18:58  Marine  
  29  19:55  Barracks  
  29  19:56  Orbital Command  
  29  19:59  Barracks  
  29  20:01  Barracks  
  23  20:44  Supply Depot  
  23  20:45  Supply Depot  
  23  20:48  Supply Depot  
  23  20:49  Supply Depot  
  23  20:58  Factory  
  23  21:03  Factory  
  23  21:07  Factory  
  23  21:16  Marine x2  
  21  21:40  Factory  
  21  21:41  Command Center  
  21  21:43  Factory  
  21  21:44  Factory  
  19  22:27  Supply Depot  
  19  22:30  Supply Depot  
  19  22:32  Supply Depot  
  19  22:49  Supply Depot  
  19  22:52  Supply Depot  
  17  22:59  Supply Depot  
  17  23:12  Supply Depot  
  17  23:13  Factory Reactor  
  17  23:14  Factory Reactor x2  
Tags
 
Add a new tag
Caveats
  • Supply blocks, unpowered buildings, or Contaminate may cause inaccurate times.
  • Supply counts are checked every 10 seconds.